 Dungeon Crawl Stone Soup version 0.14-a0-2091-gca92d1a (webtiles) character file.

288 Honkfish the Ducker (level 5, -2/33 HPs)
             Began as a Tengu Monk on Jan 25, 2014.
             Slain by a kobold
             ... wielding a +0,+0 dagger
              (4 damage)
             ... while paralysed by Grinder
             ... on Level 4 of the Dungeon.
             The game lasted 00:08:08 (3450 turns).

Honkfish the Ducker (Tengu Monk)                    Turns: 3450, Time: 00:08:08

HP  -2/33        AC  2     Str 11      XL: 5   Next: 54%
MP   7/7         EV  2     Int 10      God:
Gold 114         SH  0     Dex 19 (20) Spells:  0 memorised,  4 levels left

rFire  . . .     SeeInvis .       - Unarmed
rCold  . . .     Clarity  .     a - +0 robe
rNeg   . . .     Conserve .     (no shield)
rPois  .         rCorr    .     (helmet restricted)
rElec  .         rRot     .     (no cloak)
SustAb . .       Spirit   .     (no gloves)
rMut   .         Warding  .     (boots unavailable)
Saprov . . .     Stasis   .     (no amulet)
MR     .....                    (no ring)
                                (no ring)

@: paralysed, not resistant to hostile enchantments, fairly stealthy
A: able to fly, beak, talons 3, agile 1
a: Fly


You were on level 4 of the Dungeon.
You were not hungry.

You visited 1 branch of the dungeon, and saw 4 of its levels.

You collected 114 gold pieces.

Inventory:

Armour
 a - a +0 robe (worn)
Magical devices
 o - a wand of flame (23)
Comestibles
 b - a bread ration
 k - 3 meat rations
 l - a sausage
Scrolls
 d - 2 scrolls of identify
 f - 2 scrolls of enchant weapon II
 g - a scroll of teleportation
 h - 2 scrolls of remove curse
 j - a scroll of curse jewellery {unknown}
Potions
 c - 2 potions of curing
 e - a potion of might
 i - a potion of lignification {unknown}


   Skills:
 + Level 3.9 Fighting
 * Level 6.0 Dodging
 - Level 2.0 Stealth
 - Level 4.3 Unarmed Combat


You had 4 spell levels left.
You didn't know any spells.

Dungeon Overview and Level Annotations

Branches:
Dungeon (4/16)
 Temple: D:4-7

Altars:
Trog

Annotations:
D:3 Honkfish's ghost, average TeMo
D:4 Blork the orc; Grinder


Innate Abilities, Weirdness & Mutations

You can fly.
You have a beak for a mouth.
You have claws for feet.
You are agile. (Dex +2)


Message History

A kobold and Grinder come into view.
Grinder shouts!
The kobold shouts!
The kobold throws a dart.
The dart misses you.
Grinder says, "DUCK!"
You see here a dart.
The kobold throws a dart.
The dart misses you.
You see here a dart.
Grinder gestures at you.
You suddenly lose the ability to move!
Grinder hits you!
You writhe in agony.
Grinder hits you.
You writhe in agony.
Grinder hits you.
You writhe in agony.
* * * LOW HITPOINT WARNING * * *
Grinder says, "There's only one good use for a tongue: cutting it out."
Grinder hits you.
* * * LOW HITPOINT WARNING * * *
You writhe in agony.
* * * LOW HITPOINT WARNING * * *
The kobold hits you with a dagger.
You die...

##########################
........(@................
........5K############....
.....(...# #....
.........# #....
######...# #.... #...#
#.... #...# #######....
#o... ........... .###
#.......


You could see Grinder, Blork the orc (wandering) and a kobold.

Vanquished Creatures
  A worker ant (D:4)
  Ijyb (D:4)
  3 gnolls (D:3)
  5 adders
  4 giant geckos
  10 bats
  5 giant cockroaches
  7 hobgoblins
  2 jackals (D:3)
  3 giant newts
  8 goblins
  5 kobolds
  5 rats
59 creatures vanquished.

Notes
Turn   | Place    | Note
--------------------------------------------------------------
     0 | D:1      | Honkfish, the Tengu Monk, began the quest for the Orb.
     0 | D:1      | Reached XP level 1. HP: 14/14 MP: 1/1
    77 | D:1      | Reached XP level 2. HP: 12/19 MP: 3/3
   802 | D:2      | Reached XP level 3. HP: 21/23 MP: 4/4
  1433 | D:3      | Noticed Honkfish's ghost (average TeMo)
  1450 | D:3      | Reached XP level 4. HP: 20/28 MP: 5/5
  2222 | D:3      | Reached skill level 5 in Dodging
  2768 | D:3      | Gained mutation: You are agile. (Dex +2) [potion of beneficial mutation]
  3076 | D:4      | Reached XP level 5. HP: 33/33 MP: 7/7
  3141 | D:4      | Noticed Ijyb
  3141 | D:4      | Noticed Blork the orc
  3142 | D:4      | Found a bloodstained altar of Trog.
  3418 | D:4      | Killed Ijyb
  3418 | D:4      | Reached skill level 6 in Dodging
  3442 | D:4      | Noticed Grinder
  3445 | D:4      | Paralysed by Grinder for 6 turns
  3450 | D:4      | Slain by a kobold

Action                   |  1- 3 |  4- 6 || total
-------------------------+-------+-------++-------
Melee: Unarmed           |    79 |    72 ||   151
 Abil: Fly               |       |     2 ||     2
Evoke: Wand              |       |     1 ||     1
  Use: Scroll            |     9 |       ||     9
       Potion            |     2 |     4 ||     6
 Stab: Sleeping          |     2 |     3 ||     5
